 Dungeon Crawl Stone Soup version 0.29-a0-330-g52719c12eb (webtiles) character file.

Game seed: 13264909778008087705

28 ImHallYall the Ducker (level 3, -6/30 HPs)
             Began as a Ghoul Gladiator on Apr 12, 2022.
             Was a Follower of Vehumet.
             Mangled by Sigmund
             ... wielding a +0 scythe
              (10 damage)
             ... on level 2 of the Dungeon.
             The game lasted 00:02:07 (1011 turns).

ImHallYall the Ducker (Ghoul Gladiator)             Turns: 1011, Time: 00:02:08

Health: -6/30      AC:  4    Str: 19    XL:     3   Next: 12%
Magic:  2/2        EV: 27    Int:  3    God:    Vehumet [*.....]
Gold:   30         SH:  0    Dex: 10    Spells: 2/2 levels left

rFire   . . .      SeeInvis .   g - +2 hand axe (vamp)
rCold   + . .      Faith    .   (no shield)
rNeg    + + +      Spirit   .   b - +0 leather armour
rPois   ∞          Reflect  .   c - +0 helmet
rElec   .          Harm     .   (no cloak)
rCorr   .          Rampage  .   (no gloves)
Will    .....                   (no boots)
Stlth   ..........              i - amulet of the acrobat
HPRegen 0.00/turn               (no ring)
MPRegen 0.08/turn               (no ring)

@: confused, acrobatic, inhibited regen
A: claws 1, cold resistance 1, negative energy resistance 3, inhibited
regeneration, torment resistance 2, devour on kill
a: Renounce Religion


You were on level 2 of the Dungeon.
You worshipped Vehumet.
Vehumet was aware of your devotion.
You visited 1 branch of the dungeon, and saw 2 of its levels.

You collected 30 gold pieces.

Inventory:

Hand Weapons
 a - a +0 war axe
 g - a +2 vampiric hand axe (weapon)
Missiles
 d - 3 throwing nets (quivered)
 e - a javelin
 n - 4 boomerangs
Armour
 b - a +0 leather armour (worn)
 c - a +0 helmet (worn)
Jewellery
 i - an amulet of the acrobat (around neck)
Scrolls
 f - a scroll of enchant armour {unknown}
 h - 2 scrolls of identify {unknown}
 j - a scroll of brand weapon {unknown}
 o - a scroll of enchant weapon {unknown}
 p - a scroll of blinking {unknown}
Potions
 k - a potion of curing {unknown}
 l - a potion of brilliance {unknown}
 m - a potion of ambrosia {unknown}


   Skills:
 + Level 2.4 Fighting
 + Level 3.1 Axes
 + Level 1.9 Throwing
 + Level 0.1 Armour
 + Level 3.2 Dodging


You had 2 spell levels left.
You didn't know any spells.
Your spell library contained the following spells:

 Spells                   Type           Power      Damage    Failure   Level
 Foxfire                  Conj/Fire      0%         2x1d4     58%         1
 Magic Dart               Conj           0%         1d3       58%         1
 Searing Ray              Conj           0%         2d4       73%         2
 Animate Armour           Summ/Erth      0%         N/A       100%        4
 Fulminant Prism          Conj/Hex       0%         3d6       100%        4
 Conjure Ball Lightning   Conj/Air       0%         3x3d6     100%        6
 Chain Lightning          Conj/Air       0%         N/A       100%        9


Dungeon Overview and Level Annotations

Branches:
Dungeon (2/15)

Altars:
Vehumet

Annotations:
D:2 Sigmund


Innate Abilities, Weirdness & Mutations

You are immune to poison.
You have sharp fingernails.
Your flesh is cold resistant. (rC+)
You are immune to negative energy. (rN+++)
You do not regenerate when monsters are visible.
You are immune to unholy pain and torment.
You thrive by killing the living.


Message History

The giant cockroach waves its antennae.
The giant cockroach bites you but does no damage.
You hit the giant cockroach.
You kill the giant cockroach!
Vehumet accepts your kill.
o - a scroll labelled EQETUD YKAEKK You now have 30 gold pieces (gained 4).
HP restored.
Sigmund the Dreaded comes into view.
He is wielding a +0 scythe.
You see here a scroll labelled ZUZOCL EWUXUIT.
Sigmund mumbles some strange words.
Sigmund flickers and vanishes!
Deactivating autopickup; reactivate with Ctrl-A.
You see here a scroll labelled ZUZOCL EWUXUIT.
p - a scroll labelled ZUZOCL EWUXUIT You hear some strange, mumbled words.
You are confused.
You hear some strange, mumbled words.
Something tries to affect you, but you resist.
Something barely misses you.
You slash something! Something hits you!
You bump into the rock wall.
Something hits you.
You feel less confused. Something misses you.
You hear some strange, mumbled words.
You are confused.
You feel less confused.
A puff of flame appears from out of thin air!
The puff of flame hits you.
You are confused.
You bump into the rock wall.
A magic dart appears from out of thin air!
The magic dart hits you!
* * * LOW HITPOINT WARNING * * *
You bump into the rock wall.
You bump into the rock wall.
You bump into the rock wall.
Something hits you.
* * * LOW HITPOINT WARNING * * *
Something hits you!
You die...

#.....# #......
##....#####.......
##...............
#....##.........
#######.########
#.# #.# ##{#
..#####.@#
........##
..#######


There were no monsters in sight!

Vanquished Creatures
  A worm (D:2)
  2 ball pythons
  2 bats (D:1)
  An endoplasm (D:1)
  A giant cockroach (D:2)
  A goblin (D:1)
  2 hobgoblins (D:2)
  3 jackals (D:1)
  3 quokkas (D:1)
  2 kobolds (D:1)
  4 rats
22 creatures vanquished.

Vanquished Creatures (others)
  2 plants (D:1)
2 creatures vanquished.

Grand Total: 24 creatures vanquished

Notes
Turn   | Place    | Note
-------+----------+-------------------------------------------
     0 | D:1      | ImHallYall the Ghoul Gladiator began the quest for the Orb.
     0 | D:1      | Reached XP level 1. HP: 17/17 MP: 0/0
   102 | D:1      | Got the Handbook of Lightness and the Escort
   243 | D:1      | Reached XP level 2. HP: 24/24 MP: 1/1
   340 | D:1      | Found a faded altar of an unknown god.
   355 | D:1      | Prayed at the altar of an unknown god.
   355 | D:1      | Became a worshipper of Vehumet
   355 | D:1      | Reached * piety under Vehumet
   355 | D:1      | Offered knowledge of Foxfire by Vehumet.
   869 | D:2      | Reached XP level 3. HP: 20/30 MP: 2/2
   985 | D:2      | Noticed Sigmund
  1011 | D:2      | Mangled by Sigmund

Illustrated notes

Levels and vault maps discovered:
D:1:      dpeg_arrival_round_b, layout_basic,
          hellmonk_ecumenical_altar_dog_temple, serial_forest,
          infiniplex_forest_side_room, infiniplex_forest_corner_1,
          infiniplex_forest_clump_long, infiniplex_forest_zigzag_1,
          infiniplex_forest_straight_1, infiniplex_forest_lined_corner,
          infiniplex_forest_clump_medium, nicolae_figureground_pulse
D:2:      layout_rooms, minivault_24, grunt_ministairs_4, corexii_shack,
          uniq_sigmund

Skill      XL: |  1  2 |
---------------+-------+-----
Dodging        | 3 |  3.2
Axes           | 3 |  3.1
Fighting       | |  2.4
Throwing       | |  1.9
Armour         | |  0.1

Action                   || total
-------------------------++-------
Melee: War axe           ||     8
       Hand axe          ||    47
Armor: Leather armour    ||    16
Dodge: Dodged            ||    33

Table legend: (Time is in decaauts)
 A = Elapsed time spent in this place.
 B = Non-inter-level travel time spent in this place.
 C = Inter-level travel time spent in this place.
 D = Time resting spent in this place.
 E = Time spent auto-exploring this place.
 F = Levels seen in this place.
 G = Mean time per level.
                   A        B        C        D        E       F      G
               +--------+--------+--------+--------+--------+-----+--------+
         Total |   1020 |    970 |     50 |      2 |    675 |   2 |  510.0 |
       Dungeon |   1020 |    970 |     50 |      2 |    675 |   2 |  510.0 |
               +--------+--------+--------+--------+--------+-----+--------+

Top non-repeatable levels by time:
     D:1: 848 daAuts
     D:2: 171 daAuts
